 Dungeon Crawl Stone Soup version 0.20-a0-924-gfa95efa (webtiles) character file.

18 Rrauwl the Grasshopper (level 2, -1/23 HPs)
             Began as a Barachi Warper on Mar 27, 2017.
             Slain by Natasha (4 damage)
             ... on level 2 of the Dungeon.
             The game lasted 00:02:42 (811 turns).

Rrauwl the Grasshopper (Barachi Warper)              Turns: 811, Time: 00:02:43

Health: -1/23      AC: 12    Str: 12    XL:     2   Next: 70%
Magic:  5/5        EV:  3    Int: 13    God:
Gold:   55         SH:  0    Dex: 11    Spells: 3/5 levels left

rFire    . . .     SeeInvis .   a - +0 falchion
rCold    . . .     Gourm    .   (no shield)
rNeg     . . .     Faith    .   h - +0 plate armour
rPois    .         Spirit   .   (helmet restricted)
rElec    .         Reflect  .   (no cloak)
rCorr    .         Harm     .   (no gloves)
MR       .....                  (no boots)
Stlth    ..........             (no amulet)
Regen    0.1/turn               (no ring)
MPRegen  0.1/turn               (no ring)

@: slow
A: +LOS, swims, antennae 1, fangs 1, thin metallic scales 1, slowness 1, strong
legs 1
a: Hop


You were on level 2 of the Dungeon.
You were not hungry.

You visited 1 branch of the dungeon, and saw 2 of its levels.

You collected 55 gold pieces.

Inventory:

Hand Weapons
 a - a +0 falchion (weapon)
Missiles
 b - 7 tomahawks
 e - 5 tomahawks of dispersal (quivered)
Armour
 h - a +0 plate armour (worn)
Scrolls
 d - a scroll of blinking
 j - 2 scrolls of identify {unknown}
 k - a scroll of enchant weapon {unknown}
 m - 2 scrolls of remove curse {unknown}
 p - a scroll of amnesia {unknown}
Potions
 g - a potion of mutation
 l - a potion of curing {unknown}
 n - 2 potions of haste {unknown}
 o - a potion of ambrosia {unknown}
Books
 c - a book of Spatial Translocations

   Spells                             Type                      Level
   a - Blink                          Translocation                2
   b - Shroud of Golubria             Charms/Translocation         2
   c - Lesser Beckoning               Translocation                3
   d - Gell's Gravitas                Translocation                3
   e - Teleport Other                 Translocation                3
   f - Passage of Golubria            Translocation                4
Comestibles
 f - 3 bread rations


   Skills:
 + Level 2.8 Fighting
 + Level 3.0 Long Blades
 - Level 1.0 Throwing
 + Level 1.7 Armour
 + Level 2.4 Dodging
 - Level 2.1 Spellcasting
 - Level 3.2 Translocations


You had 3 spell levels left.
You knew the following spells:

 Your Spells              Type           Power        Failure   Level  Hunger
a - Blink                 Tloc           N/A          100%        2    ###....


Dungeon Overview and Level Annotations

Branches:
Dungeon (2/15)

Altars:
Cheibriados
Xom
Yredelemnul

Annotations:
D:2 Natasha


Innate Abilities, Weirdness & Mutations

Shadows flee at your approach. (+LOS)
You can swim through water.
You cover ground slowly.
You can hop short distances.
You have a pair of small antennae on your head.
You have very sharp teeth.
You are partially covered in thin metallic scales. (AC +2)


Message History

You kill the bat!
Your Long Blades skill increases to level 3!
The giant cockroach bites you but does no damage.
Natasha claws you but does no damage.
You hit Natasha but do no damage.
The giant cockroach bites you but does no damage.
Natasha claws you.
You closely miss Natasha.
The giant cockroach bites you but does no damage.
Natasha claws you but does no damage.
The giant cockroach bites you but does no damage.
You slash Natasha!
Natasha is heavily wounded.
Natasha claws you.
* * * LOW HITPOINT WARNING * * *
The giant cockroach bites you but does no damage.
Your plate armour prevents you from hitting Natasha.
Natasha is heavily wounded.
Natasha claws you.
You die...

# ..# #. ...# #.#
...# ... ... ###.##
#.. ##.....##.#
#.....# #.......#.#
#8..^8#
#.......#h###.....##
...._..[@.# _....._#
#......s#.# #.....#
#.......#.# 8...8#
##.....##.## ##8##
###.####..#######
..............#
#.#.########..## ...
#.## .# #.#


You could see Natasha and a giant cockroach.

Vanquished Creatures
  2 bats
  A giant cockroach (D:1)
  3 goblins (D:1)
  3 hobgoblins (D:1)
  2 kobolds (D:1)
  3 frilled lizards (D:1)
  3 rats (D:1)
17 creatures vanquished.

Notes
Turn   | Place    | Note
-------+----------+-------------------------------------------
     0 | D:1      | Rrauwl the Barachi Warper began the quest for the Orb.
     0 | D:1      | Reached XP level 1. HP: 17/17 MP: 3/3
   405 | D:1      | Reached XP level 2. HP: 23/23 MP: 5/5
   577 | D:1      | Learned a level 2 spell: Blink
   790 | D:2      | Found a shimmering altar of Xom.
   794 | D:2      | Found a snail-covered altar of Cheibriados.
   801 | D:2      | Noticed Natasha
   802 | D:2      | Found a basalt altar of Yredelemnul.
   807 | D:2      | Gained mutation: You have a pair of small antennae on your head. [potion of mutation]
   807 | D:2      | Gained mutation: You are partially covered in thin metallic scales. (AC +2) [potion of mutation]
   807 | D:2      | Gained mutation: You have very sharp teeth. [potion of mutation]
   811 | D:2      | Slain by Natasha

Vault maps used:
D:1:      dpeg_arrival_concentric_ovals
D:2:      grunt_temple_overflow_order_and_chaos_2, old_standard_altar,
          nicolae_overflow_hidden_temple, uniq_terence, uniq_natasha, uniq_robin

Skill      XL: |  1  2 |
---------------+-------+-----
Long Blades    | 3 |  3.0
Fighting       | |  2.8
Throwing       | |  1.0
Armour         | |  1.7
Dodging        | |  2.4
Spellcasting   | |  2.1
Translocations | |  3.2

Action                   || total
-------------------------++-------
Melee: Falchion          ||    73
  Use: Potion            ||     1
Armor: Plate armour      ||    81
       Leather armour    ||     2
Dodge: Dodged            ||    16
       Rpst.: Falchion   ||     5
